NCAA
CONNECTICUT HUSKIES @ NOTRE DAME FIGHTING IRISH
05/14/2026
 
TOP OF THE 1ST
Connecticut Huskies batting - Pitching for Notre Dame Fighting Irish : LHP Orlando Sánchez
Pitching: LHP Orlando Sánchez
Batting: RHB Jake Osborn 0-0: SINGLE (Line Drive, 34D)
Batting: RHB Eric Black 0-0: Grounds into double play, 1-4-3 (Groundball, 15S)
Batting: LHB Arthur MacDonald 0-0: SINGLE (Line Drive, 8RS)
Batting: RHB Carlos Marino 0-0: Fly out, F8 (Flyball, 8RS)
Top of the 1st over - 0 run(s), 2 hit(s), 0 error(s), 1 left on base; Connecticut 0 - Notre Dame 0
BOTTOM OF THE 1ST
Notre Dame Fighting Irish batting - Pitching for Connecticut Huskies : RHP Ken Hensley
Pitching: RHP Ken Hensley
Batting: SHB Carlos Ramírez 0-0: Called Strike
0-1: Ground out U3 (Groundball, 3)
Batting: SHB Ron Estes 0-0: Ball
1-0: Called Strike
1-1: Fly out, F9 (Line Drive, 9M)
Batting: SHB Ken Austin 0-0: Called Strike
0-1: Ball
1-1: SOLO HOME RUN (Flyball, 78XD), Distance : 370 ft
Batting: RHB Carlos Gómez 0-0: Ball
1-0: Swinging Strike
1-1: Fly out, F9 (Flyball, 9LM)
Bottom of the 1st over - 1 run(s), 1 hit(s), 0 error(s), 0 left on base; Connecticut 0 - Notre Dame 1
TOP OF THE 2ND
Connecticut Huskies batting - Pitching for Notre Dame Fighting Irish : LHP Orlando Sánchez
Batting: RHB Thomas Moore 0-0: Ball
1-0: Ball
2-0: Ball
3-0: Called Strike
3-1: Ground out 5-3 (Groundball, 6)
Batting: RHB Lewis Rich 0-0: Ball
1-0: Foul Ball, location: 2F
1-1: Ball
2-1: Ball
3-1: Base on Balls
Batting: RHB Joe Wright 0-0: Ball
1-0: Ball
2-0: Swinging Strike
2-1: Grounds into double play, 5-4-3 (Groundball, 56)
Top of the 2nd over - 0 run(s), 0 hit(s), 0 error(s), 0 left on base; Connecticut 0 - Notre Dame 1
BOTTOM OF THE 2ND
Notre Dame Fighting Irish batting - Pitching for Connecticut Huskies : RHP Ken Hensley
Batting: LHB Lou Goeble 0-0: Ground out 1-3 (Groundball, 15S)
Batting: RHB Lee Scott 0-0: SINGLE (Groundball, 56D)
Batting: RHB Silas Small 0-0: Ball
1-0: Fly out, F4 (Popup, 3D)
Batting: RHB Isaac Ridings 0-0: Ball
1-0: Ball
2-0: Swinging Strike
2-1: Swinging Strike
2-2: Strikes out looking
Bottom of the 2nd over - 0 run(s), 1 hit(s), 0 error(s), 1 left on base; Connecticut 0 - Notre Dame 1
TOP OF THE 3RD
Connecticut Huskies batting - Pitching for Notre Dame Fighting Irish : LHP Orlando Sánchez
Batting: RHB Michael Cobb 0-0: Foul Ball, location: 2F
0-1: Swinging Strike
0-2: Ball
1-2: Strikes out swinging
Batting: RHB Ed Gaston 0-0: Ball
1-0: Ball
2-0: Ball
3-0: Called Strike
3-1: Foul Ball, location: 2F
3-2: Foul Ball, location: 2F
3-2: Ground out 6-3 (Groundball, 6)
Batting: RHB Jake Osborn 0-0: Ball
1-0: DOUBLE (Line Drive, 7LM)
Batting: RHB Eric Black 0-0: Called Strike
0-1: SINGLE (Line Drive, 4MD)
Jake Osborn to third
Runner from 3rd tries for Home, SAFE, no throw or cutoff
Batting: LHB Arthur MacDonald 0-0: Reached on error, E6 (Groundball, 6)
Eric Black to second
Batting: RHB Carlos Marino 0-0: Called Strike
0-1: Ball
1-1: Fly out, F5 (Popup, 5)
Top of the 3rd over - 1 run(s), 2 hit(s), 1 error(s), 2 left on base; Connecticut 1 - Notre Dame 1
BOTTOM OF THE 3RD
Notre Dame Fighting Irish batting - Pitching for Connecticut Huskies : RHP Ken Hensley
Batting: RHB Mike Thompson 0-0: Called Strike
0-1: Swinging Strike
0-2: Ball
1-2: Ball
2-2: Ground out 4-3 (Groundball, 34)
Batting: SHB Carlos Ramírez 0-0: Called Strike
0-1: Called Strike
0-2: Ball
1-2: Foul Ball, location: 2F
1-2: Fly out, F8 (Flyball, 89M)
Batting: SHB Ron Estes 0-0: Called Strike
0-1: Fly out, F4 (Line Drive, 4)
Bottom of the 3rd over - 0 run(s), 0 hit(s), 0 error(s), 0 left on base; Connecticut 1 - Notre Dame 1
TOP OF THE 4TH
Connecticut Huskies batting - Pitching for Notre Dame Fighting Irish : LHP Orlando Sánchez
Batting: RHB Thomas Moore 0-0: Called Strike
0-1: Ball
1-1: Ball
2-1: Foul Ball, location: 2F
2-2: Ball
3-2: Strikes out swinging
Batting: RHB Lewis Rich 0-0: Foul Ball, location: 2F
0-1: Ground out 3-1 (Groundball, 34S)
Batting: RHB Joe Wright 0-0: Ball
1-0: Ball
2-0: Swinging Strike
2-1: Swinging Strike
2-2: Strikes out looking
Top of the 4th over - 0 run(s), 0 hit(s), 0 error(s), 0 left on base; Connecticut 1 - Notre Dame 1
BOTTOM OF THE 4TH
Notre Dame Fighting Irish batting - Pitching for Connecticut Huskies : RHP Ken Hensley
Batting: SHB Ken Austin 0-0: Called Strike
0-1: Foul Ball, location: 2F
0-2: Foul Ball, location: 2F
0-2: Foul Ball, location: 2F
0-2: Strikes out swinging
Batting: RHB Carlos Gómez 0-0: Called Strike
0-1: Ball
1-1: Ball
2-1: Foul Ball, location: 2F
2-2: Ground out 4-3 (Groundball, 4M)
Batting: LHB Lou Goeble 0-0: Called Strike
0-1: Swinging Strike
0-2: Strikes out swinging
Bottom of the 4th over - 0 run(s), 0 hit(s), 0 error(s), 0 left on base; Connecticut 1 - Notre Dame 1
TOP OF THE 5TH
Connecticut Huskies batting - Pitching for Notre Dame Fighting Irish : LHP Orlando Sánchez
Batting: RHB Michael Cobb 0-0: Called Strike
0-1: Ball
1-1: Called Strike
1-2: Fly out, F8 (Flyball, 8LS)
Batting: RHB Ed Gaston 0-0: Called Strike
0-1: Foul Ball, location: 2F
0-2: Strikes out looking
Batting: RHB Jake Osborn 0-0: Called Strike
0-1: Ball
1-1: Ball
2-1: Foul Ball, location: 2F
2-2: Foul Ball, location: 2F
2-2: Strikes out swinging, 2-3 out at first.
Top of the 5th over - 0 run(s), 0 hit(s), 0 error(s), 0 left on base; Connecticut 1 - Notre Dame 1
BOTTOM OF THE 5TH
Notre Dame Fighting Irish batting - Pitching for Connecticut Huskies : RHP Ken Hensley
Batting: RHB Lee Scott 0-0: Called Strike
0-1: DOUBLE (Line Drive, 7LM)
Batting: RHB Silas Small 0-0: Called Strike
0-1: Ground out 6-3 (Groundball, 6M)
Lee Scott to third
Batting: RHB Isaac Ridings 0-0: Intentional Walk
Batting: RHB Mike Thompson 0-0: SINGLE (Line Drive, 89S)
Lee Scott scores
Isaac Ridings to second
Batting: SHB Carlos Ramírez 0-0: Ball
1-0: Ball
2-0: Ball
3-0: Base on Balls
Isaac Ridings to third
Mike Thompson to second
Batting: SHB Ron Estes 0-0: Called Strike
0-1: Swinging Strike
0-2: Ball
1-2: SINGLE (Line Drive, 8LS)
Isaac Ridings scores
Mike Thompson to third
Carlos Ramírez to second
Runner from 3rd tries for Home, SAFE, throw made home
Batting: SHB Ken Austin 0-0: Called Strike
0-1: Called Strike
0-2: Foul Ball, location: 2F
0-2: Strikes out swinging
Batting: RHB Carlos Gómez 0-0: Swinging Strike
0-1: Ball
1-1: Swinging Strike
1-2: Strikes out looking
Bottom of the 5th over - 3 run(s), 3 hit(s), 0 error(s), 2 left on base; Connecticut 1 - Notre Dame 4
TOP OF THE 6TH
Connecticut Huskies batting - Pitching for Notre Dame Fighting Irish : LHP Orlando Sánchez
Batting: RHB Eric Black 0-0: Foul Ball, location: 2F
0-1: Foul Ball, location: 2F
0-2: Ball
1-2: Foul Ball, location: 2F
1-2: Ball
2-2: Ball
3-2: Base on Balls
Batting: LHB Arthur MacDonald 0-0: Called Strike
0-1: Foul Ball, location: 2F
0-2: Ball
1-2: Foul Ball, location: 2F
1-2: Strikes out swinging
Batting: RHB Carlos Marino 0-0: Foul Ball, location: 2F
0-1: SINGLE (Groundball, 56D)
Eric Black to second
Batting: RHB Thomas Moore 0-0: Called Strike
0-1: Ball
1-1: Called Strike
1-2: Foul Ball, location: 2F
1-2: Ball
2-2: Strikes out swinging
Pitching: RHP Chris Martin
Batting: RHB Lewis Rich 0-0: Ball
1-0: Ball
2-0: Ball
3-0: Base on Balls
Eric Black to third
Carlos Marino to second
Batting: RHB Joe Wright 0-0: Foul Ball, location: 2F
0-1: Ball
1-1: Called Strike
1-2: Foul Ball, location: 2F
1-2: Ball
2-2: Foul Ball, location: 2F
2-2: Ball
3-2: SINGLE (Groundball, 34D)
Eric Black scores
Carlos Marino to third
Lewis Rich to second
Carlos Marino scores
Lewis Rich to third
Batting: RHB Michael Cobb 0-0: Called Strike
0-1: Ball
1-1: Ball
2-1: Ball
3-1: Called Strike
3-2: Foul Ball, location: 2F
3-2: Foul Ball, location: 2F
3-2: Foul Ball, location: 2F
3-2: Base on Balls
Joe Wright to second
Batting: RHB Ed Gaston 0-0: Called Strike
0-1: Swinging Strike
0-2: Ball
1-2: Ground out 4-3 (Groundball, 4)
Top of the 6th over - 2 run(s), 2 hit(s), 0 error(s), 3 left on base; Connecticut 3 - Notre Dame 4
BOTTOM OF THE 6TH
Notre Dame Fighting Irish batting - Pitching for Connecticut Huskies : RHP Ken Hensley
Batting: LHB Lou Goeble 0-0: Ground out 4-3 (Groundball, 34)
Pitching: RHP Paul Turner
Batting: RHB Lee Scott 0-0: Foul Ball, location: 2F
0-1: Ball
1-1: SINGLE (Line Drive, 89S)
Batting: RHB Silas Small 0-0: Ball
Lee Scott is caught stealing 2nd base
1-0: Ball
2-0: Called Strike
2-1: Foul Ball, location: 2F
2-2: Strikes out swinging
Bottom of the 6th over - 0 run(s), 1 hit(s), 0 error(s), 0 left on base; Connecticut 3 - Notre Dame 4
TOP OF THE 7TH
Connecticut Huskies batting - Pitching for Notre Dame Fighting Irish : RHP Chris Martin
Batting: RHB Jake Osborn 0-0: Called Strike
0-1: Foul Ball, location: 2F
0-2: Ball
1-2: Strikes out swinging
Pitching: LHP Roy Burke
Batting: RHB Eric Black 0-0: Swinging Strike
0-1: Ball
1-1: Swinging Strike
1-2: Foul Ball, location: 2F
1-2: Strikes out swinging
Batting: LHB Arthur MacDonald 0-0: Called Strike
0-1: Ball
1-1: Swinging Strike
1-2: Strikes out swinging
Top of the 7th over - 0 run(s), 0 hit(s), 0 error(s), 0 left on base; Connecticut 3 - Notre Dame 4
BOTTOM OF THE 7TH
Notre Dame Fighting Irish batting - Pitching for Connecticut Huskies : RHP Paul Turner
Batting: RHB Isaac Ridings 0-0: Ball
1-0: Foul Ball, location: 2F
1-1: Foul Ball, location: 2F
1-2: Ball
2-2: Ball
3-2: Foul Ball, location: 2F
3-2: Base on Balls
Batting: RHB Mike Thompson 0-0: Ball
1-0: Called Strike
1-1: Called Strike
1-2: Strikes out looking
Batting: SHB Carlos Ramírez 0-0: Ball
1-0: Fly out, F8 (Line Drive, 8LM)
Batting: SHB Ron Estes 0-0: Called Strike
Isaac Ridings is caught stealing 2nd base
Bottom of the 7th over - 0 run(s), 0 hit(s), 0 error(s), 0 left on base; Connecticut 3 - Notre Dame 4
TOP OF THE 8TH
Connecticut Huskies batting - Pitching for Notre Dame Fighting Irish : LHP Roy Burke
Pitching: LHP Jeremy Winston
Batting: RHB Carlos Marino 0-0: Ball
1-0: Foul Ball, location: 2F
1-1: Swinging Strike
1-2: Foul Ball, location: 2F
1-2: Foul Ball, location: 2F
1-2: Foul Ball, location: 2F
1-2: Strikes out looking
Batting: RHB Thomas Moore 0-0: DOUBLE (Flyball, 78M)
Batting: RHB Lewis Rich 0-0: Ball
1-0: Foul Ball, location: 2F
1-1: Ball
2-1: Called Strike
2-2: Strikes out swinging
Batting: RHB Joe Wright 0-0: Swinging Strike
0-1: Swinging Strike
0-2: Ball
1-2: Strikes out looking
Top of the 8th over - 0 run(s), 1 hit(s), 0 error(s), 1 left on base; Connecticut 3 - Notre Dame 4
BOTTOM OF THE 8TH
Notre Dame Fighting Irish batting - Pitching for Connecticut Huskies : RHP Paul Turner
Batting: SHB Ron Estes 0-0: Called Strike
0-1: Ball
1-1: Ball
2-1: Ball
3-1: Foul Ball, location: 2F
3-2: Foul Ball, location: 2F
3-2: Fly out, F3 (Popup, 3SF)
Pitching: RHP Jason Carrière
Batting: SHB Ken Austin 0-0: Ball
1-0: Reached on error, E4 (Groundball, 4)
Batting: RHB Carlos Gómez 0-0: Ball
1-0: Ball
2-0: Foul Ball, location: 2F
2-1: Foul Ball, location: 2F
2-2: Foul Ball, location: 2F
2-2: Foul Ball, location: 2F
2-2: Grounds into double play, 4-6-3 (Groundball, 4)
Bottom of the 8th over - 0 run(s), 0 hit(s), 1 error(s), 0 left on base; Connecticut 3 - Notre Dame 4
TOP OF THE 9TH
Connecticut Huskies batting - Pitching for Notre Dame Fighting Irish : LHP Jeremy Winston
Pitching: RHP Dax Campbell
Batting: RHB Michael Cobb 0-0: Foul Ball, location: 2F
0-1: Ball
1-1: Swinging Strike
1-2: Foul Ball, location: 2F
1-2: Foul Ball, location: 2F
1-2: Ball
2-2: Strikes out swinging
Pinch Hitting: RHB Terry Dalton 0-0: Called Strike
0-1: Ball
1-1: Ball
2-1: Ball
3-1: Called Strike
3-2: Base on Balls
Batting: RHB Jake Osborn 0-0: Called Strike
0-1: Ball
1-1: Ball
2-1: Foul Ball, location: 2F
2-2: Foul Ball, location: 2F
2-2: Strikes out swinging
Batting: RHB Eric Black 0-0: Ball
1-0: Swinging Strike
1-1: Called Strike
1-2: Strikes out swinging
Top of the 9th over - 0 run(s), 0 hit(s), 0 error(s), 1 left on base; Connecticut 3 - Notre Dame 4
Monday, December 5th, 2016 - OOTP Baseball 17.12 Build 75